 Dungeon Crawl Stone Soup version 0.28.0 (webtiles) character file.

Game seed: 10601001080932054207

21 anarkitty the Gusty (level 2, -3/15 HPs)
             Began as a Tengu Air Elementalist on Feb 14, 2022.
             Slain by an adder (4 damage)
             ... on level 2 of the Dungeon.
             The game lasted 00:02:44 (1151 turns).

anarkitty the Gusty (Tengu Air Elementalist)        Turns: 1151, Time: 00:02:44

Health: -3/15      AC:  8    Str:  8    XL:     2   Next: 83%
Magic:  6/6        EV:  3    Int: 15    God:
Gold:   53         SH:  0    Dex: 14    Spells: 4/5 levels left

rFire   . . .      SeeInvis .   (no weapon)
rCold   . . .      Faith    .   (no shield)
rNeg    . . .      Spirit   .   h - +0 chain mail
rPois   .          Reflect  .   (helmet restricted)
rElec   .          Harm     .   (no cloak)
rCorr   .          Rampage  .   (no gloves)
Will    .....                   (boots unavailable)
Stlth   ..........              (no amulet)
HPRegen 0.05/turn               (no ring)
MPRegen 0.10/turn               (no ring)

@: no status effects
A: beak, talons 3
a: no special abilities


You were on level 2 of the Dungeon.
You visited 1 branch of the dungeon, and saw 2 of its levels.

You collected 53 gold pieces.

Inventory:

Armour
 a - a +0 robe
 h - a +0 chain mail (worn)
Scrolls
 b - 2 scrolls of teleportation {unknown}
 c - a scroll of fog {unknown}
 d - a scroll of identify {unknown}
 e - a scroll of amnesia {unknown}
 i - a scroll of magic mapping {unknown}
Potions
 f - a potion of brilliance {unknown}
 g - a potion of cancellation {unknown}


   Skills:
 + Level 2.3 Dodging
 + Level 2.0 Stealth
 + Level 2.4 Spellcasting
 + Level 1.7 Conjurations
 + Level 4.6 Air Magic


You had 4 spell levels left.
You knew the following spells:

 Your Spells              Type           Power      Damage    Failure   Level
a - Shock                 Conj/Air       44%        1d5       100%        1

Your spell library contained the following spells:

 Spells                   Type           Power      Damage    Failure   Level
 Static Discharge         Conj/Air       11%        N/A       100%        2
 Confusing Touch          Hex            1%         N/A       100%        3
 Swiftness                Air            15%        N/A       100%        3
 Airstrike                Air            7%         N/A       100%        4
 Yara's Violent Unravell  Hex/Tmut       0%         3d3       100%        5
 Enfeeble                 Hex            0%         N/A       100%        7


Dungeon Overview and Level Annotations

Branches:
Dungeon (2/15)

Altars:


Innate Abilities, Weirdness & Mutations

You have a beak for a mouth.
You have claws for feet.


Message History

The adder bites you but does no damage. The rat bites you but does no damage.
You hit the rat but do no damage. Your kick misses the rat.
Your peck misses the rat.
The rat is severely wounded.
The adder bites you but does no damage. The rat completely misses you.
You closely miss the rat. Your kick misses the rat.
The rat is severely wounded.
The adder barely misses you. The adder bites you but does no damage.
The rat bites you.
You hit the rat but do no damage.
The rat is severely wounded.
The adder bites you but does no damage. The rat bites you but does no damage.
You hit the rat but do no damage. Your kick misses the rat.
Your peck misses the rat.
The rat is severely wounded.
The adder bites you. The rat bites you but does no damage.
You barely miss the rat. Your peck misses the rat.
The rat is severely wounded.
The adder completely misses you. The rat bites you but does no damage.
The adder bites you but does no damage.
You hit the rat but do no damage.
The rat is severely wounded.
The adder bites you but does no damage. The rat bites you.
You hit the rat. You claw the rat.
You kill the rat!
The adder bites you.
You are poisoned.
The adder poisons you!
You feel sick.
You feel sick. The adder bites you.
* * * LOW HITPOINT WARNING * * *
* * * LOW HITPOINT WARNING * * *
You feel sick.
* * * LOW HITPOINT WARNING * * *
You feel sick.
* * * LOW HITPOINT WARNING * * *
You feel sick.
You are no longer poisoned.
The adder bites you.
You die...

#.....#
#.....#
#####.#####
#...#.#...
#...#J#.#
#.......#
#...#K###
#...#S# #..
#@# #.?...#
#....##
#.... ##.#.
.... .. ..
......


You could see an adder, an endoplasm and a kobold.

Vanquished Creatures
  A dart slug (D:1)
  3 bats (D:1)
  2 endoplasms (D:1)
  2 giant cockroaches (D:1)
  A hobgoblin (D:1)
  A quokka (D:1)
  A ball python (D:1)
  2 frilled lizards (D:1)
  A goblin (D:1)
  6 rats
20 creatures vanquished.

Notes
Turn   | Place    | Note
-------+----------+-------------------------------------------
     0 | D:1      | anarkitty the Tengu Air Elementalist began the quest for
                  | the Orb.
     0 | D:1      | Reached XP level 1. HP: 10/10 MP: 4/4
   169 | D:1      | Reached XP level 2. HP: 15/15 MP: 1/6
   414 | D:1      | Found a faded altar of an unknown god.
  1151 | D:2      | Slain by an adder

Illustrated notes

Levels and vault maps discovered:
D:1:      giann_horns, layout_basic, nicolae_ecumenical_lake_church
D:2:      layout_rooms, minmay_misc_feat_doors, minivault_23

Action                   || total
-------------------------++-------
Melee: Unarmed           ||    11
       Kick              ||     4
       Peck              ||     1
 Cast: Shock             ||    33
Armor: Chain mail        ||    16
       Robe              ||     1
Dodge: Dodged            ||     8
